 Dungeon Crawl Stone Soup version 0.27.1-2-g3b301248ec (webtiles) character file.

Game seed: 12121953831084454566

51 Dexcius the Firebug (level 3, -5/21 HPs)
             Began as an Octopode Fire Elementalist on Sept 26, 2021.
             Was an Initiate of Nemelex Xobeh.
             Slain by a sky beast (6 damage)
             ... on level 4 of the Dungeon.
             The game lasted 00:14:24 (3869 turns).

Dexcius the Firebug (Octopode Fire Elementalist)    Turns: 3869, Time: 00:14:26

Health: -5/21      AC:  1    Str:  7    XL:     3   Next: 81%
Magic:  0/6        EV: 13    Int: 18    God:    Nemelex Xobeh [......]
Gold:   168        SH:  0    Dex: 12    Spells: 5/6 levels left

rFire    . . .     SeeInvis .   d - +0 dagger
rCold    . . .     Faith    .   (no shield)
rNeg     . . .     Spirit   .   (helmet restricted)
rPois    .         Reflect  .   (no amulet)
rElec    .         Harm     .   (no ring)
rCorr    .         Rampage  .   (no ring)
Will     .....                  (no ring)
Stlth    +++.......             (no ring)
HPRegen  0.07/turn              (no ring)
MPRegen  0.10/turn              (no ring)
                                (no ring)
                                (no ring)

@: no status effects
A: almost no armour, amphibious, 8 rings, camouflage 1, gelatinous body 1,
(nimble swimmer 1), tentacles
a: Renounce Religion, Draw Escape, Draw Destruction, Draw Summoning


You were on level 4 of the Dungeon.
You worshipped Nemelex Xobeh.
Nemelex Xobeh was noncommittal.
You visited 1 branch of the dungeon, and saw 4 of its levels.

You collected 168 gold pieces.

Inventory:

Hand Weapons
 d - a +0 dagger (weapon)
Missiles
 c - 6 boomerangs
Scrolls
 a - 2 scrolls of teleportation
 b - a scroll of magic mapping
 f - a scroll of identify
Potions
 e - 2 potions of curing
 g - a potion of brilliance


   Skills:
 + Level 0.2 Fighting
 + Level 2.2 Dodging
 + Level 3.2 Stealth
 + Level 0.4 Unarmed Combat
 + Level 2.4 Spellcasting
 + Level 1.3 Conjurations
 + Level 3.6 Fire Magic


You had 5 spell levels left.
You knew the following spells:

 Your Spells              Type           Power      Damage    Failure   Level
a - Foxfire               Conj/Fire      44%        2x1d6     6%          1

Your spell library contained the following spells:

 Spells                   Type           Power      Damage    Failure   Level
 Conjure Flame            Conj/Fire      11%        6-21      19%         3
 Inner Flame              Hex/Fire       8%         N/A       24%         3
 Sticky Flame             Conj/Fire      11%        2d3       52%         4
 Fireball                 Conj/Fire      5%         3d5       86%         5


Dungeon Overview and Level Annotations

Branches:
Dungeon (4/15)
 Temple: D:4-7

Altars:
Nemelex Xobeh
Yredelemnul


Innate Abilities, Weirdness & Mutations

You cannot wear most types of armour.
You are amphibious.
You can wear up to eight rings at the same time.
Your skin changes colour to match your surroundings (Stealth+).
Your rubbery body absorbs attacks. (AC +1, EV +1)
((You are camouflaged near water. (Stealth+)))
You have tentacles for arms and can constrict up to eight enemies at once.


Message History

Confirm with . or Enter, or press ? or * to list all spells.
You conjure some foxfire!
The foxfire hits the sky beast.
The sky beast is moderately wounded.
The foxfire hits the sky beast.
The sky beast is moderately wounded.
Casting: Foxfire (safe; 6% risk of failure)
Confirm with . or Enter, or press ? or * to list all spells.
You conjure some foxfire!
The foxfire hits the sky beast.
The sky beast is moderately wounded.
Your foxfire dissipates!
Casting: Foxfire (safe; 6% risk of failure)
Confirm with . or Enter, or press ? or * to list all spells.
You conjure some foxfire!
The sky beast barely misses you.
The foxfire hits the sky beast.
The sky beast is heavily wounded.
The foxfire hits the sky beast but does no damage.
The sky beast is heavily wounded.
The sky beast closely misses you.
Casting: Foxfire (safe; 6% risk of failure)
Confirm with . or Enter, or press ? or * to list all spells.
You conjure some foxfire!
The sky beast misses you.
The foxfire hits the sky beast.
The sky beast is heavily wounded.
The foxfire hits the sky beast but does no damage.
The sky beast is heavily wounded.
The sky beast hits you. The sky beast shocks you.
Casting: Foxfire (safe; 6% risk of failure)
Confirm with . or Enter, or press ? or * to list all spells.
You conjure some foxfire!
The sky beast hits you. The sky beast shocks you.
* * * LOW HITPOINT WARNING * * *
The foxfire hits the sky beast.
The sky beast is severely wounded.
The foxfire hits the sky beast.
The sky beast is severely wounded.
The sky beast hits you.
* * * LOW HITPOINT WARNING * * *
The sky beast shocks you.
You die...
Your body disappears without a glow.

#.# .# #.# .#
#.# .# #.# .# #
#.# .# ..
#.###.##
#.##.##...#
#.....Y###.....
####.@.# ###
###ยง# ##.. ###


You could see a sky beast.

Vanquished Creatures
  A dart slug (D:1)
  An orc (D:3)
  5 endoplasms (D:1)
  2 giant cockroaches
  4 goblins
  7 hobgoblins
  2 jackals (D:3)
  A kobold (D:1)
  4 quokkas
  5 ball pythons
  2 bats
  A frilled lizard (D:3)
  5 rats
40 creatures vanquished.

Vanquished Creatures (others)
  100 foxfires
100 creatures vanquished.

Grand Total: 140 creatures vanquished

Notes
Turn   | Place    | Note
-------+----------+-------------------------------------------
     0 | D:1      | Dexcius the Octopode Fire Elementalist began the quest for
                  | the Orb.
     0 | D:1      | Reached XP level 1. HP: 11/11 MP: 3/3
   391 | D:1      | Reached XP level 2. HP: 17/17 MP: 1/5
  1283 | D:1      | Reached XP level 3. HP: 21/21 MP: 3/6
  1961 | D:2      | Found a basalt altar of Yredelemnul.
  3673 | D:3      | Found a sparkling altar of Nemelex Xobeh.
  3679 | D:3      | Became a worshipper of Nemelex Xobeh the Trickster
  3853 | D:4      | Noticed a sky beast
  3869 | D:4      | HP: 1/21 [sky beast (4)]
  3869 | D:4      | Slain by a sky beast

Illustrated notes

Levels and vault maps discovered:
D:1:      dpeg_arrival_signposts, layout_basic
D:2:      layout_basic, kennysheep_flooded_box,
          hangedman_abyss_or_decor_lesser_grid
D:3:      layout_loops_corners, nemelex_diamond_rough_becter
D:4:      minmay_chambers_of_threes, layout_loops_ring, kennysheep_mini_moat,
          grunt_gozag_breadcrumbs

Skill      XL: |  1  2  3 |
---------------+----------+-----
Stealth        | 3 |  3.2
Fighting       | |  0.2
Dodging        | |  2.2
Unarmed Combat | |  0.4
Spellcasting   | |  2.4
Conjurations   | |  1.3
Fire Magic     | |  3.6

Action                   || total
-------------------------++-------
Melee: Unarmed           ||    14
       Constrict         ||     5
       Tentacles         ||     2
 Cast: Foxfire           ||    67
  Use: Potion            ||     3
       Scroll            ||     5
Armor: Skin              ||     9
Dodge: Dodged            ||    44
